 Dungeon Crawl Stone Soup version 0.21.1-1-g345015f (webtiles) character file.

306 inc the Magician (level 6, -5/37 HPs)
             Began as an Octopode Ice Elementalist on June 17, 2018.
             Slain by a gnoll
             ... wielding a +0 spear
              (7 damage)
             ... on level 3 of the Dungeon.
             The game lasted 00:05:50 (3412 turns).

inc the Magician (Octopode Ice Elementalist)        Turns: 3412, Time: 00:05:50

Health: -5/37      AC:  1    Str:  8    XL:     6   Next: 39%
Magic:  12/15      EV: 13    Int: 19    God:
Gold:   95         SH:  0    Dex: 12    Spells: 13/17 levels left

rFire    . . .     SeeInvis .   n - +1 mace (holy)
rCold    . . .     Gourm    .   (no shield)
rNeg     . . .     Faith    .   (helmet restricted)
rPois    .         Spirit   .   (no amulet)
rElec    .         Reflect  .   (no ring)
rCorr    .         Harm     .   (no ring)
MR       .....                  (no ring)
Stlth    +++.......             (no ring)
HPRegen  0.12/turn              (no ring)
MPRegen  0.14/turn              (no ring)
                                (no ring)
                                (no ring)

@: no status effects
A: almost no armour, stealthy swim, amphibious, 8 rings, constrict 8, camouflage
1, gelatinous body 1
a: no special abilities


You were on level 3 of the Dungeon.
You were hungry.

You visited 1 branch of the dungeon, and saw 4 of its levels.

You collected 95 gold pieces.

Inventory:

Hand Weapons
 k - a +0 short sword
 n - a +1 mace of holy wrath (weapon)
Missiles
 o - 7 curare-tipped needles
Armour
 m - a +0 shield
Scrolls
 c - 2 scrolls of magic mapping {unknown}
 d - 2 scrolls of identify
 e - 5 scrolls of remove curse {unknown}
 g - 3 scrolls of enchant weapon {unknown}
 i - a scroll of amnesia {unknown}
 p - a scroll of fear {unknown}
Potions
 f - 2 potions of flight
 h - 3 potions of curing
 j - a potion of degeneration
 l - a potion of haste
 r - a potion of ambrosia
Books
 a - a book of Frost

   Spells                             Type                      Level
   a - Freeze                         Ice                          1
   b - Throw Frost                    Conjuration/Ice              2
   c - Ozocubu's Armour               Charms/Ice                   3
   d - Throw Icicle                   Conjuration/Ice              4
   e - Summon Ice Beast               Ice/Summoning                4
Comestibles
 b - 8 rations


   Skills:
 - Level 0.6 Fighting
 - Level 2.0 Dodging
 - Level 2.6 Stealth
 + Level 6.0 Spellcasting
   Level 1.0 Conjurations
 - Level 3.0 Ice Magic


You had 13 spell levels left.
You knew the following spells:

 Your Spells              Type           Power        Failure   Level  Hunger
a - Freeze                Ice            ###.         3%          1    None
b - Ozocubu's Armour      Chrm/Ice       ##......     19%         3    ##.....


Dungeon Overview and Level Annotations

Branches:
Dungeon (4/15)
 Temple: D:4-7

Altars:
Ashenzari


Innate Abilities, Weirdness & Mutations

You cannot wear most types of armour.
You are very stealthy in the water. (Stealth+)
You are amphibious.
You can wear up to eight rings at the same time.
You can use your tentacles to constrict eight enemies at once.
Your skin changes colour to match your surroundings (Stealth+).
Your rubbery body absorbs attacks. (AC +1, EV +1)


Message History

Press: ? - help, Shift-Dir - straight line, f/p - gnoll
Aim: a gnoll, wielding a spear (moderately wounded)
You freeze the gnoll.
The gnoll is severely wounded.
The gnoll barely misses you. The gnoll hits you with a spear!
The gnoll hits you from afar with a spear.
Casting: Freeze
Confirm with . or Enter, or press ? or * to list all spells.
Aiming: Freeze
Press: ? - help, Shift-Dir - straight line, f/p - gnoll
Aim: a gnoll, wielding a spear (severely wounded)
You freeze the gnoll.
You kill the gnoll!
Your Spellcasting skill increases to level 6!
The gnoll hits you from afar with a spear.
* * * LOW HITPOINT WARNING * * *
The gnoll hits you from afar with a spear!
* * * LOW HITPOINT WARNING * * *
The gnoll hits you from afar with a spear!
You die...

...#### ..# #.. ..#..
#.....# #.# #.# ##.#. .
#.....#######.#####.# ... #
#.......)..(......#.# #)#
#.....####.†..(...#.#####.#
#.....# #.##.##..#.......#
###.### #.#..##.g.g..#####
#.# #.#.###.####.# #.# #.#.
#@####.#### #.#
#.......#.......# #.###
#.....###.##.##.# #...#
#..... #....##.#
###.####.... #..####.#
#......#.... #.......#
#.#.##.#... #.......#
#.#.##.#### #..###.## #
#<##.# #....#.#


You could see a gnoll.

Vanquished Creatures
  An ogre (D:3)
  A bullfrog (D:3)
  Robin (D:2)
  A gnoll (D:3)
  5 adders
  A worm (D:2)
  3 dart slugs (D:2)
  A leopard gecko (D:1)
  5 orcs (D:3)
  2 ball pythons (D:2)
  3 giant cockroaches
  10 hobgoblins
  5 bats
  7 frilled lizards
  16 goblins
  5 kobolds
  7 rats
74 creatures vanquished.

Notes
Turn   | Place    | Note
-------+----------+-------------------------------------------
     0 | D:1      | inc the Octopode Ice Elementalist began the quest for the Orb.
     0 | D:1      | Reached XP level 1. HP: 11/11 MP: 3/3
   486 | D:1      | Reached XP level 2. HP: 16/17 MP: 3/5
   787 | D:1      | Reached skill level 3 in Spellcasting
  1178 | D:2      | Reached XP level 3. HP: 14/22 MP: 3/7
  1548 | D:2      | Noticed Robin
  1830 | D:2      | Reached XP level 4. HP: 14/27 MP: 4/9
  1831 | D:2      | Killed Robin
  1835 | D:2      | Reached skill level 4 in Spellcasting
  2724 | D:3      | Reached XP level 5. HP: 32/32 MP: 8/11
  2806 | D:3      | Found a shattered altar of Ashenzari.
  2810 | D:3      | Saw a vision of the Shoals and the Spider Nest.
  2810 | D:3      | Noticed a sea snake
  2810 | D:3      | Noticed a merfolk siren
  2810 | D:3      | Noticed a merfolk
  2810 | D:3      | Noticed a sea snake
  2810 | D:3      | Noticed a hippogriff
  2810 | D:3      | Noticed a redback
  2812 | D:3      | Noticed a merfolk
  2812 | D:3      | Noticed a redback
  2813 | D:3      | Noticed a wolf spider
  2867 | D:2      | Learned a level 3 spell: Ozocubu's Armour
  3028 | D:3      | Noticed an ogre
  3041 | D:3      | Killed an ogre
  3041 | D:3      | Reached skill level 5 in Spellcasting
  3105 | D:3      | Reached XP level 6. HP: 30/37 MP: 12/14
  3402 | D:3      | Reached skill level 6 in Spellcasting
  3402 | D:3      | HP: 1/37 [gnoll/spear (10)]
  3412 | D:3      | Slain by a gnoll

Skill      XL: |  1  2  3  4  5  6 |
---------------+-------------------+-----
Spellcasting   | 3 4 5 6 |  6.0
Fighting       | |  0.6
Dodging        | |  2.0
Stealth        | |  2.6
Conjurations   | |  1.0
Ice Magic      | |  3.0

Action                   |  1- 3 |  4- 6 || total
-------------------------+-------+-------++-------
Melee: Unarmed           |    38 |       ||    38
       Constrict         |    13 |    16 ||    29
       Tentacles         |     6 |     7 ||    13
       Short sword       |     2 |     8 ||    10
       Mace              |       |    37 ||    37
 Cast: Freeze            |    45 |    34 ||    79
       Ozocubu's Armour  |       |     1 ||     1
  Use: Potion            |     2 |       ||     2
       Scroll            |       |     4 ||     4
 Stab: Sleeping          |     3 |    10 ||    13
  Eat: Chunk             |     2 |     5 ||     7
Armor: Skin              |    13 |     1 ||    14
Dodge: Dodged            |    63 |    50 ||   113
